 Dungeon Crawl Stone Soup version 0.30-a0-568-g124715a40b (webtiles) character file.

Game seed: 11722392183642050550

1605817 oldmanjim the Conqueror (level 27, 271/271 (273) HPs)
             Began as a Minotaur Fighter on Dec 15, 2022.
             Was a Follower of Uskayaw.
             Escaped with the Orb
             ... and 3 runes on Dec 28, 2022!
             The game lasted 08:11:46 (80395 turns).

oldmanjim the Conqueror (Minotaur Fighter)         Turns: 80395, Time: 08:11:47

HP:   271/271 (273) AC: 50    Str: 46    XL:     27
MP:   27/27         EV: 17    Int:  7    God:    Uskayaw [*.....]
Gold: 4916          SH: 40    Dex: 22    Spells: 26/26 levels left

rFire   + + .      SeeInvis .    a - +9 broad axe (heavy)
rCold   + + +      Faith    .    x - +10 tower shield of Ignorance {rN+ Int-4}
rNeg    + + .      Spirit   .    m - +9 gold dragon scales
rPois   +          Reflect  +    h - +2 hat "Opaq" {rPois Str+3 Int-2}
rElec   +          Harm     .    Q - +3 cloak of the Lusting Gods {rPois rC+ Will+ MP-9}
rCorr   .          Rampage  .    r - +2 pair of gloves "Lymm" {+Inv rN+ Dex+7}
Will    ++++.                    c - +0 pair of boots of Shadows and Fog {rElec Int+4 Slay+3} Stlth
                                 G - amulet of Accord {Reflect Str+4 Int+2 SH+5}
HPRegen 0.65/turn                s - ring of willpower
MPRegen 0.20/turn                K - ring "Bimaeshi" {rC+ Str+7 Dex+4}

@: hasted, studying Fighting, lightly drained, very quick
A: horns 2, retaliatory headbutt, iridescent scales 1, deterioration 2, fire
resistance 1, inability to drink after injury 1
0: Orb of Zot
}: 3/15 runes: decaying, slimy, gossamer
a: Renounce Religion, Evoke Invisibility, Stomp


You escaped.
You worshipped Uskayaw.
Uskayaw was greatly pleased with you.
You visited 12 branches of the dungeon, and saw 53 of its levels.
You visited the Abyss 2 times.
You also visited: Trove, Sewer and Gauntlet.

You collected 8022 gold pieces.
You spent 3106 gold pieces at shops.

Inventory:

Hand Weapons
 a - a +9 heavy broad axe (weapon)
 b - a +4 hand crossbow of flaming
 f - a +5 broad axe of flaming
Missiles
 k - 6 poisoned darts
 q - 4 throwing nets (quivered)
 F - 9 curare-tipped darts
 T - 4 atropa-tipped darts
Armour
 c - the +0 pair of boots of Shadows and Fog (worn) {rElec Int+4 Slay+3}
   (You found it in a treasure trove)

   Int:       It affects your intelligence (+4).
   Slay:      It affects your accuracy & damage with ranged weapons and melee
   (+3).
   rElec:     It insulates you from electricity.
 h - the +2 hat "Opaq" (worn) {rPois Str+3 Int-2}
   (You found it on level 15 of the Dungeon)

   Str:       It affects your strength (+3).
   Int:       It affects your intelligence (-2).
   rPois:     It protects you from poison.
 m - +9 gold dragon scales (worn)
 r - the +2 pair of gloves "Lymm" (worn) {+Inv rN+ Dex+7}
   (You found it in a treasure trove)

   Dex:       It affects your dexterity (+7).
   rN:        It protects you from negative energy.
   +Inv:      It lets you turn invisible.
 x - the +10 tower shield of Ignorance (worn) {rN+ Int-4}
   (You found it on level 2 of the Vaults)

   Int:       It affects your intelligence (-4).
   rN:        It protects you from negative energy.
 D - the +0 pair of gloves of Kups {Str+4 Dex+4}
   (You bought it in a shop on level 4 of the Vaults)

   Str:       It affects your strength (+4).
   Dex:       It affects your dexterity (+4).
 Q - the +3 cloak of the Lusting Gods (worn) {rPois rC+ Will+ MP-9}
   (You found it on level 5 of the Pits of Slime)

   rC:        It protects you from cold.
   rPois:     It protects you from poison.
   MP:        It affects your magic capacity (-9).
   Will:      It increases your willpower.
Jewellery
 g - a ring of see invisible
 o - a ring of flight
 s - a ring of willpower (left hand)
 G - the amulet of Accord (around neck) {Reflect Str+4 Int+2 SH+5}
   (You found it on level 5 of the Pits of Slime)

   [amulet of reflection]

   It reflects blocked missile attacks.
   Str:       It affects your strength (+4).
   Int:       It affects your intelligence (+2).
   SH:        It affects your SH (+5).
 K - the ring "Bimaeshi" (right hand) {rC+ Str+7 Dex+4}
   (You bought it in a shop on level 2 of the Depths)

   [ring of protection from cold]

   Str:       It affects your strength (+7).
   Dex:       It affects your dexterity (+4).
   rC:        It protects you from cold.
 S - the ring "Cyoraucu" {rF+ Str+3 Slay+3}
   (You took it off a deep elf pyromancer on level 3 of the Elven Halls)

   [ring of protection from fire]

   Str:       It affects your strength (+3).
   Slay:      It affects your accuracy & damage with ranged weapons and melee
   (+3).
   rF:        It protects you from fire.
 U - the ring of Zoeggime {rElec rF- rC+ MP+9 Str+8 Int-3}
   (You took it off a deep elf sorcerer on level 3 of the Elven Halls)

   [ring of protection from cold]

   Str:       It affects your strength (+8).
   Int:       It affects your intelligence (-3).
   rF:        It makes you vulnerable to fire.
   rC:        It protects you from cold.
   rElec:     It insulates you from electricity.
   MP:        It affects your magic capacity (+9).
 V - a +6 ring of dexterity
Wands
 E - a wand of acid (29)
 O - a wand of digging (11)
 P - a wand of iceblast (46)
Scrolls
 l - 8 scrolls of fog
 n - a scroll of enchant weapon
 y - 6 scrolls of poison
 A - 15 scrolls of blinking
 H - 2 scrolls of silence
 J - 2 scrolls of brand weapon
 M - 6 scrolls of butterflies
 N - 15 scrolls of teleportation
 R - 6 scrolls of magic mapping
 Z - 7 scrolls of fear
Potions
 d - 8 potions of might
 e - 17 potions of heal wounds
 i - 5 potions of haste
 j - 4 potions of resistance
 p - 2 potions of brilliance
 t - 7 potions of invisibility
 v - 6 potions of magic
 z - 4 potions of cancellation
 B - 6 potions of ambrosia
 C - 21 potions of curing
 L - 10 potions of lignification
 Y - 7 potions of attraction
Miscellaneous
 u - a phantom mirror
 w - a condenser vane
 X - a box of beasts


   Skills:
 O Level 27 Fighting
 - Level 21.0 Axes
 - Level 18.0 Ranged Weapons
 - Level 6.0 Throwing
 - Level 26.0 Armour
 - Level 12.0 Dodging
 + Level 23.9 Shields
 - Level 20.0 Invocations
 + Level 11.8 Evocations


You had 26 spell levels left.
You didn't know any spells.
Your spell library contained the following spells:

 Spells                   Type           Power      Damage    Failure   Level
 Apportation              Tloc           0%         N/A       91%         1
 Beastly Appendage        Tmut           0%         N/A       91%         1
 Kiss of Death            Conj/Necr      0%         2d5       91%         1
 Magic Dart               Conj           0%         1d3       91%         1
 Necrotise                Necr           0%         1d4       91%         1
 Sandblast                Erth           0%         2d4       91%         1
 Slow                     Hex            0%         N/A       91%         1
 Summon Small Mammal      Summ           0%         N/A       91%         1
 Cigotuvi's Dreadful Rot  Necr/Pois/Air  0%         N/A       97%         2
 Ensorcelled Hibernation  Hex/Ice        0%         N/A       97%         2
 Passwall                 Tmut/Erth      0%         N/A       97%         2
 Poisonous Vapours        Pois/Air       0%         N/A       97%         2
 Searing Ray              Conj           0%         2d4       97%         2
 Sublimation of Blood     Necr           0%         N/A       97%         2
 Wereblood                Tmut           0%         N/A       97%         2
 Call Canine Familiar     Summ           0%         N/A       99%         3
 Confusing Touch          Hex            0%         N/A       99%         3
 Dazzling Flash           Conj/Hex       0%         N/A       99%         3
 Gell's Gravitas          Tloc           0%         N/A       99%         3
 Hailstorm                Conj/Ice       0%         3d3       99%         3
 Inner Flame              Hex/Fire       0%         N/A       99%         3
 Lesser Beckoning         Tloc           0%         N/A       99%         3
 Mephitic Cloud           Conj/Pois/Air  0%         N/A       99%         3
 Ozocubu's Armour         Ice            0%         N/A       99%         3
 Portal Projectile        Hex/Tloc       0%         N/A       99%         3
 Spider Form              Tmut/Pois      0%         N/A       99%         3
 Stone Arrow              Conj/Erth      0%         3d7       99%         3
 Summon Guardian Golem    Hex/Summ       0%         N/A       99%         3
 Swiftness                Air            0%         N/A       99%         3
 Teleport Other           Tloc           0%         N/A       99%         3
 Tukima's Dance           Hex            0%         N/A       99%         3
 Vampiric Draining        Necr           0%         2d6       99%         3
 Anguish                  Hex/Necr       0%         N/A       100%        4
 Animate Armour           Summ/Erth      0%         N/A       100%        4
 Animate Dead             Necr           0%         N/A       100%        4
 Cause Fear               Hex            0%         N/A       100%        4
 Dispel Undead            Necr           0%         3d6       100%        4
 Flame Wave               Conj/Fire      0%         2d4       100%        4
 Fulminant Prism          Conj/Hex       0%         3d5       100%        4
 Ice Form                 Ice/Tmut       0%         N/A       100%        4
 Leda's Liquefaction      Hex/Erth       0%         N/A       100%        4
 Olgreb's Toxic Radiance  Pois           0%         N/A       100%        4
 Passage of Golubria      Tloc           0%         N/A       100%        4
 Petrify                  Tmut/Erth      0%         N/A       100%        4
 Sticky Flame             Conj/Fire      0%         2d3       100%        4
 Summon Lightning Spire   Summ/Air       0%         N/A       100%        4
 Agony                    Necr           0%         N/A       100%        5
 Alistair's Intoxication  Tmut/Pois      0%         N/A       100%        5
 Blade Hands              Tmut           0%         N/A       100%        5
 Borgnjor's Vile Clutch   Necr/Erth      0%         N/A       100%        5
 Irradiate                Conj/Tmut      0%         3d11      100%        5
 Lee's Rapid Deconstruct  Erth           0%         3d4*      100%        5
 Silence                  Hex/Air        0%         N/A       100%        5
 Summon Forest            Summ/Tloc      0%         N/A       100%        5
 Summon Mana Viper        Hex/Summ       0%         N/A       100%        5
 Death Channel            Necr           0%         N/A       100%        6
 Eringya's Noxious Bog    Tmut/Pois      0%         N/A       100%        6
 Iron Shot                Conj/Erth      0%         9d1       100%        6
 Simulacrum               Ice/Necr       0%         N/A       100%        6
 Statue Form              Tmut/Erth      0%         N/A       100%        6
 Summon Cactus Giant      Summ           0%         N/A       100%        6
 Dragon Form              Tmut           0%         N/A       100%        7
 Malign Gateway           Summ/Tloc      0%         N/A       100%        7
 Orb of Destruction       Conj           0%         9d5       100%        7
 Ozocubu's Refrigeration  Ice            0%         4d7       100%        7
 Spellforged Servitor     Conj/Summ      0%         N/A       100%        7
 Storm Form               Tmut/Air       0%         N/A       100%        7
 Summon Hydra             Summ           0%         N/A       100%        7
 Borgnjor's Revivificati  Necr           0%         N/A       100%        8
 Discord                  Hex            0%         N/A       100%        8
 Infestation              Necr           0%         N/A       100%        8
 Lehudib's Crystal Spear  Conj/Erth      0%         10d2      100%        8
 Maxwell's Capacitive Co  Air            0%         ∞         100%        8
 Necromutation            Tmut/Necr      0%         N/A       100%        8
 Summon Horrible Things   Summ           0%         N/A       100%        8
 Death's Door             Necr           0%         N/A       100%        9
 Dragon's Call            Summ           0%         N/A       100%        9


Dungeon Overview and Level Annotations

Branches:
Dungeon (15/15)            Temple (1/1) D:6            Lair (5/5) D:8
  Swamp (4/4) Lair:2       Spider (4/4) Lair:2        Slime (5/5) Lair:5
    Orc (2/2) D:10            Elf (3/3) Orc:2        Vaults (4/5) D:13
  Crypt (1/3) Vaults:2     Depths (4/4) D:15            Zot (5/5) Depths:4
  Sewer (visited)         Gauntlet (visited)

Altars:
Ashenzari
Cheibriados
Dithmenos
Elyvilon
Fedhas
Gozag
Hepliaklqana
Kikubaaqudgha
Makhleb
Nemelex Xobeh
Okawaru
Qazlal
Ru
Sif Muna
Trog
Uskayaw
Vehumet
Wu Jian
Xom
Yredelemnul
Zin
The Shining One
Jiyva

Shops:
D:15 *   Orc:2 ([(:*=[   Elf:2 (?(   Vaults:2 !   Vaults:3 [   Vaults:4 **:[(
Depths:2 :=:

Portals:
Hell: Depths:1 Depths:2 Depths:3 Depths:4
Abyss: Depths:1 Depths:3 Depths:4
Pandemonium: Depths:2
Ziggurat: Depths:2

Annotations:
D:3 1 runed translucent door, Crazy Yiuf
Elf:1 6 runed translucent doors
Zot:3 1 transporter
Zot:4 2 transporters, exclusion: 2 orange crystal statues, Cemmere's ghost, veteran TrCK; xzight's ghost, veteran DEFE


Innate Abilities, Weirdness & Mutations

You have a pair of horns on your head.
You reflexively headbutt those who attack you in melee.
You are partially covered in iridescent scales. (AC +2)
Your body often deteriorates upon taking damage.
Your flesh is heat resistant. (rF+)
You occasionally lose the ability to drink potions when taking damage.


Message History

You block the Orb Guardian's attack.
You can now pass through a line of other dancers.
You hit the Orb Guardian. You headbutt the Orb Guardian!
You kill the Orb Guardian!
(D) Dungeon (T) Temple (L) Lair (S) Swamp (N) Spider Nest (M) Slime Pits (O) Orcish Mines (E) Elven Halls (V) Vaults (C) Crypt (U) Depths (H) Hell (Z) Zot
Where to? (Enter - D:1 @ (x,y), ? - help)
What level of the Dungeon? (default 1, ? - help) HP restored.
There is a stone staircase leading up here.
You climb upwards.
There is a stone staircase leading down here.
There is a stone staircase leading up here.
You climb upwards.
There is a stone staircase leading down here.
There is a stone staircase leading up here.
You climb upwards.
Level annotation: 1 runed translucent door, Crazy Yiuf
There is a stone staircase leading down here.
You see here a +0 dagger.
Things that are here:
a +0 club; a +0 sling; a +0 club
There is a stone staircase leading up here.
You climb upwards.
There is a stone staircase leading down here.
A reaper comes into view. It is wielding a +2 scythe of venom.
There is a stone staircase leading up here.
You feel yourself speed up.
You climb upwards.
There is a stone staircase leading down here.
(D) Dungeon (T) Temple (L) Lair (S) Swamp (N) Spider Nest (M) Slime Pits (O) Orcish Mines (E) Elven Halls (V) Vaults (C) Crypt (U) Depths (H) Hell (Z) Zot
Where to? (Enter - D:1 @ (x,y), ? - help)
What level of the Dungeon? (default 1, ? - help)
There is a staircase leading out of the dungeon here.
You have escaped!

######.#..##..##.# #....# #.
.### ####....###.# ####.# #.
...# #.#...## #.# #.# #.
.#.# #.#...# #.# #.# #.
.#.####.#...####.## #.# #.
........#.....###.# #.# #.
##.####.###.....#.########.#
#. #.## #.#
##....##.........# #.
#..##### ##...@#.........#
#. #.....##
###....#########.# #.
#......###......# #.# #.
##..##.........##### #.# ##
.....#.......###...# #.# #
####.#......##..##.# ##.## #
#.#..##..###.##.#### #...# #
#.#..##..# #.##.##.###...###
#.#......###.##.#.#........#


There were no monsters in sight!

Vanquished Creatures
  the Royal Jelly (Slime:5)
  8 orbs of fire
  2 dread liches (Zot:5)
  An ancient lich (Zot:5)
  A juggernaut (Depths:3)
  Parghit (Zot:2)
  3 Killer Klowns
  Saint Roka (Orc:2)
  14 golden dragons
  2 electric golems (Zot:5)
  The ghost of Tuhajigi the Brawler, an adept TrFi of Okawaru (Vaults:2)
  Zenata (Elf:1)
  18 tentacled monstrosities
  An Ice Fiend (Depths:1)
  27 Orb Guardians
  7 quicksilver dragons
  4 liches
  A titan (Depths:3)
  A walking earthen tome (Depths:4)
  25 acid blobs
  2 deep elf master archers (Elf:3)
  2 deep elf blademasters (Elf:3)
  3 ancient champions (Crypt:1)
  6 death cobs
  2 tentacled starspawn
  2 sphinxes
  2 tengu reavers
  2 thorn hunters (Swamp:4)
  10 shadow dragons
  8 storm dragons
  3 draconian knights
  Roxanne (Swamp:1)
  13 rockslimes
  8 azure jellies
  A demonspawn warmonger (Zot:1)
  7 frost giants
  15 draconian monks
  7 fire giants
  An iron dragon (Depths:2)
  11 vault wardens
  4 ghouls (Crypt:1)
  6 deep elf sorcerers
  2 draconian scorchers
  A cacodemon (Abyss:3)
  Louise (Depths:1)
  2 curse skulls (Crypt:1)
  8 emperor scorpions
  3 draconian stormcallers
  7 draconian annihilators
  A balrug (Depths:2)
  3 reapers (D:14)
  Aizul (Spider:2)
  A deep elf elementalist (Elf:3)
  8 ghost moths
  8 draconian shifters
  4 orc warlords
  A spriggan defender (Depths:3)
  4 broodmothers
  12 quicksilver oozes
  20 ironbound preservers
  A war gargoyle (Vaults:3)
  3 ironbound thunderhulks
  25 very ugly things
  Nessos (Orc:2)
  7 stone giants
  A demonspawn blood saint (Zot:1)
  19 black draconians
  7 eleionomae
  12 green draconians
  19 white draconians
  10 yellow draconians
  3 vampire knights
  7 deep elf annihilators (Elf:3)
  6 deep elf demonologists
  13 spark wasps
  12 red draconians
  21 purple draconians
  4 bunyips
  13 dire elephants
  A minotaur (Gauntlet)
  3 ettins
  3 eidola (Crypt:1)
  A blizzard demon (Zot:1)
  5 fire dragons
  10 deep elf death magi
  10 entropy weavers
  A jiangshi (Crypt:1)
  2 shambling mangroves (Swamp:4)
  9 yaktaur captains
  12 great orbs of eyes
  3 deep elf high priests
  The ghost of Grant146 the Severer, a journeyman MiBe of Trog (D:12)
  The ghost of Higod the Unseen, a journeyman SpEn of Kikubaaqudgha (D:15)
  A hell beast (Depths:2)
  Erolcha (D:11)
  15 hydras
  A hydra (shapeshifter) (D:15)
  6 ice dragons
  4 rakshasas
  2 jorogumos (Spider:4)
  2 catoblepae
  7 vault guards
  24 centaur warriors
  3 ghost crabs
  4 spriggan air magi
  8 ironbound frosthearts
  A radroach (Spider:3)
  4 ogre magi
  8 deep troll shamans
  10 two-headed ogres
  9 boulder beetles
  9 death yaks (Lair:5)
  5 alligators
  3 death knights
  35 dancing weapons
  A hell hog (Zot:1)
  9 tengu warriors
  10 deep troll earth magi
  2 vampire magi
  Urug (Orc:1)
  An orc high priest (Orc:2)
  4 spriggan berserkers
  4 thrashing horrors
  4 soul eaters (D:14)
  A titan zombie (Vaults:2)
  3 sun demons (Depths:2)
  18 deep elf knights
  13 hell knights
  2 sixfirhies
  3 wretched stars
  5 goliath frogs
  4 spriggan druids
  14 skeletal warriors
  12 iron trolls
  3 death drakes
  9 pharaoh ants
  6 bog bodies
  9 orb spiders
  A spectral hydra (Swamp:4)
  72 deep trolls
  2 bunyip skeletons (Crypt:1)
  10 steelbarb worms
  14 swamp dragons
  14 wizards
  5 flayed ghosts
  11 starcursed masses (Abyss:2)
  4 glowing orange brains
  3 lindwurms
  14 harpies
  16 ironbound convokers
  14 orc knights
  14 deep elf archers
  8 necromancers
  A wolf spider zombie (D:14)
  2 spectral wolf spiders (D:14)
  26 deep elf pyromancers
  26 deep elf zephyrmancers
  24 wolf spiders
  9 phantasmal warriors
  6 orc sorcerers
  A cyclops (shapeshifter) (Gauntlet)
  3 oklob plants (Swamp:4)
  2 manticores (D:15)
  4 will-o-the-wisps
  2 cyclopes
  43 ugly things
  3 shining eyes
  27 moths of wrath
  A large abomination (Abyss:2)
  15 elephants
  74 slime creatures
  4 spectral centaurs (D:14)
  5 centaur zombies (D:14)
  14 black mambas
  3 eyes of devastation
  A guardian serpent (Lair:5)
  A naga zombie (Abyss:2)
  4 torpor snails
  2 smoke demons
  18 vault sentinels
  An unseen horror (D:11)
  16 cane toads
  4 gargoyles
  7 demonic crawlers
  An efreet (D:15)
  Maggie (D:9)
  9 centaur skeletons
  2 hellwings (Depths:2)
  A redback zombie (D:14)
  3 rime drakes
  9 komodo dragons
  41 yaktaurs
  A swamp worm zombie (Crypt:1)
  8 freezing wraiths
  2 tengu conjurers (Depths:2)
  A tormentor (D:14)
  A harpy zombie (Crypt:1)
  8 trolls
  6 meliai
  16 tyrant leeches
  12 polar bears
  3 ancient zymes (Abyss:2)
  A black draconian skeleton (Crypt:1)
  A death drake zombie (Swamp:4)
  4 hydra zombies (Swamp:4)
  30 tarantellas
  15 blink frogs
  29 hornets
  A meliai zombie (D:14)
  2 raiju (Lair:5)
  10 dream sheep
  A hydra skeleton (Swamp:4)
  A spectral meliai (D:14)
  Sigmund (D:6)
  7 centaur simulacra
  22 culicivoras
  4 flying skulls (Crypt:1)
  15 spriggans
  10 wraiths
  17 yaks
  2 shadows (D:9)
  6 water elementals
  32 jumping spiders
  A vampire (D:9)
  A basilisk (shapeshifter) (Elf:1)
  15 wyverns
  An ettin skeleton (Vaults:2)
  An air elemental (Elf:1)
  4 humans (Lair:4)
  5 basilisks
  7 fire elementals
  9 golden eyes
  5 neqoxecs
  A steam dragon (D:10)
  40 vampire mosquitoes
  4 chaos spawn
  A redback simulacrum (D:14)
  64 redbacks
  11 wargs
  21 swamp worms
  4 acid dragons
  5 hydra simulacra (Swamp:4)
  A floating eye (shapeshifter) (D:14)
  3 floating eyes
  26 water moccasins
  19 hell hounds
  A water nymph skeleton (Crypt:1)
  A cane toad skeleton (Crypt:1)
  3 swamp dragon zombies (Swamp:4)
  29 orc warriors
  5 swamp drakes
  A meliai simulacrum (D:14)
  2 sky beasts
  7 ice beasts
  20 wolves
  An elf simulacrum (Vaults:2)
  14 ogres
  12 black bears
  2 boggarts
  8 centaurs
  A phantom (D:5)
  6 kobold brigands
  A vine stalker zombie (Crypt:1)
  Blork the orc (Orc:2)
  A gnoll sergeant (D:9)
  9 bullfrogs
  3 earth elementals
  A komodo dragon skeleton (Crypt:1)
  2 necrophages (Crypt:1)
  4 scorpions (D:11)
  17 wights
  A water moccasin skeleton (Crypt:1)
  14 killer bees
  9 electric eels
  5 howler monkeys
  2 hounds
  A gnoll bouda (D:8)
  20 orc priests
  16 jellies
  An iron imp (Abyss:2)
  3 iguanas
  A boggart zombie (D:14)
  25 orc wizards
  11 hell rats
  A boggart skeleton (D:13)
  5 small abominations
  A boggart simulacrum (D:14)
  Robin (D:3)
  20 adders
  7 gnolls
  9 river rats
  3 shadow imps
  4 white imps
  An ufetubus (D:11)
  A worm zombie (Crypt:1)
  2 worms
  2 dart slugs (D:1)
  60 orcs
  15 bats
  16 endoplasms
  14 giant cockroaches
  12 hobgoblins
  9 jackals
  5 quokkas
  8 ball pythons
  3 frilled lizards
  13 goblins
  A goblin skeleton (Crypt:1)
  20 kobolds
  A kobold zombie (Crypt:1)
  13 rats
  A rat zombie (Crypt:1)
  16 briar patches (Swamp:4)
  5 starspawn tentacles
2535 creatures vanquished.

Vanquished Creatures (others)
  A green draconian (Zot:1)
  A deep elf death mage (D:14)
  An alligator (Swamp:2)
  2 deep elf zephyrmancers
  A deep elf pyromancer (Elf:3)
  Maurice (D:13)
  A smoke demon (Zot:4)
  A demonic crawler (Spider:4)
  A bloated husk (Swamp:1)
  A white imp (D:11)
  An ufetubus (D:11)
  6 briar patches (Swamp:4)
  A bush (Lair:3)
  21 foxfires
  33 fungi
  151 plants
  A starspawn tentacle (Abyss:2)
  34 withered plants (Gauntlet)
259 creatures vanquished.

Grand Total: 2794 creatures vanquished

Notes
Turn   | Place    | Note
-------+----------+-------------------------------------------
     0 | D:1      | oldmanjim the Minotaur Fighter began the quest for the Orb.
     0 | D:1      | Reached XP level 1. HP: 19/19 MP: 0/0
   168 | D:1      | Reached XP level 2. HP: 20/27 MP: 1/1
   489 | D:1      | Reached skill level 4 in Fighting
   735 | D:1      | Reached XP level 3. HP: 33/33 MP: 2/2
  1268 | D:2      | Identified the +1 leather armour of Poor Excuses {rPois
                  | rN+}
  1523 | D:2      | Reached XP level 4. HP: 40/40 MP: 3/3
  1630 | D:2      | Reached skill level 5 in Shields
  1887 | D:3      | Noticed Robin
  1904 | D:3      | Killed Robin
  2060 | D:3      | Found a faded altar of an unknown god.
  2111 | D:3      | Prayed at the altar of an unknown god.
  2111 | D:3      | Became a worshipper of Uskayaw the Reveller
  2111 | D:3      | Reached * piety under Uskayaw
  2313 | D:3      | Found a runed translucent door.
  2314 | D:3      | Noticed Crazy Yiuf
  2396 | D:3      | Found a glowing silver altar of Zin.
  2599 | D:4      | Noticed an ice beast
  2634 | D:4      | Reached ** piety under Uskayaw
  2640 | D:4      | Noticed an ice beast
  2656 | D:4      | Killed an ice beast
  2656 | D:4      | Reached *** piety under Uskayaw
  2657 | D:4      | Reached skill level 5 in Fighting
  2657 | D:4      | Reached XP level 5. HP: 48/48 MP: 4/4
  2766 | D:4      | Reached skill level 5 in Axes
  2904 | D:4      | Found a sacrificial altar of Ru.
  2967 | D:4      | Reached XP level 6. HP: 57/57 MP: 5/5
  2991 | D:4      | Killed an ice beast
  2994 | D:4      | Found an iron altar of Okawaru.
  3334 | D:5      | Entered Level 5 of the Dungeon
  3409 | D:5      | Reached skill level 6 in Fighting
  3554 | D:5      | Reached **** piety under Uskayaw
  3555 | D:5      | Reached XP level 7. HP: 58/64 MP: 6/6
  3740 | D:5      | Reached skill level 5 in Armour
  3969 | D:5      | Reached skill level 7 in Fighting
  4657 | D:6      | Found a glowing drain.
  4664 | D:6      | Reached XP level 8. HP: 74/74 MP: 7/7
  4669 | Sewer    | Entered a sewer
  4908 | Sewer    | Reached skill level 8 in Fighting
  5506 | D:6      | Identified a scroll of acquirement
  5506 | D:6      | Acquired a +2 pair of gloves of dexterity
  5808 | D:6      | Noticed Sigmund
  5815 | D:6      | Killed Sigmund
  5820 | D:6      | Reached ***** piety under Uskayaw
  5821 | D:6      | Reached skill level 9 in Fighting
  5862 | D:6      | Found a staircase to the Ecumenical Temple.
  5879 | Temple   | Entered the Ecumenical Temple
  6909 | D:7      | Found a shimmering altar of Xom.
  6909 | D:7      | Noticed a deep elf pyromancer
  6923 | D:7      | Killed a deep elf pyromancer
  6924 | D:7      | Reached skill level 10 in Fighting
  6924 | D:7      | Reached skill level 10 in Axes
  6924 | D:7      | Reached XP level 9. HP: 80/86 MP: 8/8
  7044 | D:7      | Found a blossoming altar of Fedhas.
  7044 | D:7      | Noticed a boulder beetle
  7071 | D:7      | Killed a boulder beetle
  7072 | D:7      | Reached skill level 11 in Fighting
  7223 | D:7      | Found a burning altar of Makhleb.
  7373 | D:7      | Found a glowing golden altar of the Shining One.
  7450 | D:7      | Reached skill level 1 in Invocations
  7957 | D:8      | Found a staircase to the Lair.
  7960 | D:8      | Noticed a komodo dragon
  7978 | D:8      | Killed a komodo dragon
  8194 | D:8      | Reached XP level 10. HP: 91/97 MP: 10/10
  8567 | D:8      | Reached skill level 12 in Fighting
  8656 | D:8      | Noticed a two-headed ogre
  8665 | D:8      | Killed a two-headed ogre
  9171 | Lair:1   | Entered Level 1 of the Lair of Beasts
  9212 | Lair:1   | Found an ornate altar of the Wu Jian Council.
  9215 | Lair:1   | Found a hide-covered altar of Uskayaw.
  9227 | Lair:1   | Noticed a boulder beetle
  9238 | Lair:1   | Killed a boulder beetle
  9431 | Lair:1   | Noticed a catoblepas
  9743 | D:8      | Killed a catoblepas
 10470 | Lair:2   | Reached XP level 11. HP: 83/106 MP: 13/13
 10473 | Lair:2   | Reached skill level 13 in Fighting
 10563 | Lair:2   | Reached skill level 5 in Invocations
 11220 | Lair:2   | Noticed a six-headed hydra
 11238 | Lair:2   | Killed a six-headed hydra
 11238 | Lair:2   | Reached ****** piety under Uskayaw
 11239 | Lair:2   | Reached skill level 14 in Fighting
 11240 | Lair:2   | Noticed a bog body
 11654 | Lair:2   | Found a staircase to the Swamp.
 11683 | Lair:2   | Killed a bog body
 11898 | Lair:2   | Found a hole to the Spider Nest.
 11909 | Lair:2   | Reached skill level 15 in Fighting
 12304 | Lair:2   | Upgraded the game from 0.30-a0-459-g9104f0fc43 to
                  | 0.30-a0-462-gd5975efbca
 12605 | Lair:3   | Reached XP level 12. HP: 100/121 MP: 15/15
 12845 | Lair:3   | Noticed a boulder beetle
 12886 | Lair:3   | Killed a boulder beetle
 13931 | Lair:4   | Identified the +0 falchion of the Establishment {vorpal,
                  | rElec rF+ Stlth+}
 14117 | Lair:4   | Noticed a catoblepas
 14139 | Lair:4   | Killed a catoblepas
 14286 | Lair:4   | Noticed a four-headed hydra
 14311 | Lair:4   | Killed a four-headed hydra
 14312 | Lair:4   | Reached skill level 15 in Axes
 14363 | Lair:4   | Reached skill level 16 in Fighting
 14363 | Lair:4   | Reached skill level 10 in Armour
 14500 | Lair:4   | Noticed a death yak
 14500 | Lair:4   | Noticed a death yak
 14501 | Lair:4   | Noticed a death yak
 14501 | Lair:4   | Noticed a death yak
 15020 | Lair:4   | Noticed a death yak
 15273 | Lair:5   | Entered Level 5 of the Lair of Beasts
 15277 | Lair:5   | Reached XP level 13. HP: 128/128 MP: 18/18
 15280 | Lair:5   | Reached skill level 1 in Dodging
 17118 | Lair:5   | Found a viscous altar of Jiyva.
 17118 | Lair:5   | Found a staircase to the Slime Pits.
 17506 | Lair:5   | Reached XP level 14. HP: 134/138 MP: 20/20
 17664 | Lair:5   | Reached skill level 17 in Fighting
 17862 | Lair:5   | Reached skill level 10 in Invocations
 18519 | Lair:5   | Identified the +5 plate armour of the Good {rCorr Dex+8
                  | Stlth+}
 18905 | D:9      | Noticed Maggie
 18912 | D:9      | Killed Maggie
 19087 | D:9      | Found a sparkling altar of Nemelex Xobeh.
 19090 | D:9      | Found a basalt altar of Yredelemnul.
 19091 | D:9      | Found an opulent altar of Gozag.
 19092 | D:9      | Found a white marble altar of Elyvilon.
 19098 | D:9      | Found a blossoming altar of Fedhas.
 19098 | D:9      | Found a radiant altar of Vehumet.
 19099 | D:9      | Found a stormy altar of Qazlal.
 19447 | D:10     | Entered Level 10 of the Dungeon
 19552 | D:10     | Found a staircase to the Orcish Mines.
 19991 | D:10     | Found a transporter.
 19992 | D:10     | Found a transporter.
 21300 | D:11     | Noticed Erolcha
 21305 | D:11     | Killed Erolcha
 21548 | D:12     | Reached skill level 1 in Evocations
 21777 | D:12     | Found a runed translucent door.
 21816 | D:12     | Noticed Grant146's ghost (journeyman MiBe)
 21928 | D:12     | Found a portal to a secret trove of treasure.
 22339 | D:12     | Killed Grant146's ghost
 22340 | D:12     | Reached skill level 5 in Dodging
 22340 | D:12     | Reached XP level 15. HP: 130/147 MP: 23/23
 22435 | Orc:1    | Entered Level 1 of the Orcish Mines
 22578 | Orc:1    | Paralysed by a floating eye for 3 turns
 22641 | Orc:1    | Noticed Urug
 22651 | Orc:1    | Killed Urug
 22786 | Orc:2    | Entered Level 2 of the Orcish Mines
 22876 | Orc:2    | Found a staircase to the Elven Halls.
 22899 | Orc:2    | Paralysed by an orc sorcerer for 3 turns
 23361 | Orc:2    | Found Bodwus's Armour Shoppe.
 23402 | Orc:2    | Noticed Nessos
 23417 | Orc:2    | Killed Nessos
 23516 | Orc:2    | Noticed Blork the orc
 23525 | Orc:2    | Killed Blork the orc
 23571 | Orc:2    | Noticed Saint Roka
 23769 | Orc:2    | Paralysed by an orc sorcerer for 3 turns
 23990 | Orc:2    | Killed Saint Roka
 24291 | Orc:2    | Found Amoyfel's Antique Weapon Emporium.
 24312 | Orc:2    | Upgraded the game from 0.30-a0-462-gd5975efbca to
                  | 0.30-a0-465-g8901f6c8b5
 24312 | Orc:2    | Upgraded the game from 0.30-a0-465-g8901f6c8b5 to
                  | 0.30-a0-469-g84de5afbc5
 24469 | Orc:2    | Found Nevveolo's Antique Weapon Boutique.
 24477 | Orc:2    | Bought a runed broad axe for 196 gold pieces
 24535 | Orc:2    | Found Meomo's Antique Armour Emporium.
 24559 | Orc:2    | Found Qusihyok's General Store.
 24565 | Orc:2    | Bought a ring of see invisible for 150 gold pieces
 24565 | Orc:2    | Bought a potion of attraction for 30 gold pieces
 24575 | Orc:2    | Found Zivo's Jewellery Emporium.
 24582 | Orc:2    | Bought a ring of flight for 245 gold pieces
 24582 | Orc:2    | Bought a ring of protection from fire for 350 gold pieces
 24622 | Orc:2    | Found Fonerobo's Book Boutique.
 24988 | D:12     | Upgraded the game from 0.30-a0-469-g84de5afbc5 to
                  | 0.30-a0-475-g03497ec522
 25025 | D:13     | Found a gate leading to a gauntlet.
 25040 | Gauntlet | Entered a Gauntlet
 25040 | Gauntlet | Found a transporter.
 25040 | Gauntlet | Found a transporter.
 25044 | Gauntlet | Found a transporter.
 25044 | Gauntlet | Found a transporter.
 25053 | Gauntlet | Found a transporter.
 25072 | Gauntlet | Found a transporter.
 25078 | Gauntlet | Found a large runed translucent door.
 25079 | Gauntlet | Found a large runed translucent door.
 25080 | Gauntlet | Found a large runed translucent door.
 25080 | Gauntlet | Found a large runed translucent door.
 25081 | Gauntlet | Found a large runed translucent door.
 25081 | Gauntlet | Found a large runed translucent door.
 25081 | Gauntlet | Found a runed translucent gate.
 25081 | Gauntlet | Found a runed translucent door.
 25082 | Gauntlet | Found a transporter.
 25082 | Gauntlet | Found a runed translucent gate.
 25082 | Gauntlet | Found a transporter.
 25083 | Gauntlet | Found a runed translucent gate.
 25084 | Gauntlet | Found a large runed translucent door.
 25084 | Gauntlet | Found a large runed translucent door.
 25085 | Gauntlet | Found a large runed translucent door.
 25086 | Gauntlet | Found a large runed translucent door.
 25095 | Gauntlet | Found a large runed translucent door.
 25095 | Gauntlet | Found a large runed translucent door.
 25095 | Gauntlet | Found a runed translucent door.
 25104 | Gauntlet | Found a transporter.
 25111 | Gauntlet | Found a transporter.
 25120 | Gauntlet | Found a large runed translucent door.
 25121 | Gauntlet | Found a large runed translucent door.
 25123 | Gauntlet | Found a transporter.
 25141 | Gauntlet | Found a transporter.
 25187 | Gauntlet | Found a transporter.
 25201 | Gauntlet | Found a transporter.
 25217 | Gauntlet | Found a large runed translucent door.
 25217 | Gauntlet | Found a large runed translucent door.
 25301 | Gauntlet | Found a transporter.
 25315 | Gauntlet | Found a transporter.
 25663 | Gauntlet | Gained mutation: You are clumsy. (Dex -2) [a neqoxec]
 25693 | Gauntlet | Identified the amulet of Foziam {+Blink Regen+}
 25723 | Gauntlet | Identified the ring "Ikhuujab" {MP+9 Int+3}
 25750 | Gauntlet | Reached skill level 18 in Fighting
 25756 | Gauntlet | Identified the amulet "Xumizy" {Regen+ Int+3}
 25852 | Gauntlet | Identified the +2 pair of boots of Compassion {Int+4}
 26033 | D:13     | Noticed Maurice
 26041 | D:13     | Killed Maurice
 27439 | D:13     | Found a gate to the Vaults.
 27858 | D:14     | Reached skill level 10 in Shields
 27913 | D:14     | Found an ancient bone altar of Kikubaaqudgha.
 28111 | D:14     | Reached XP level 16. HP: 151/157 MP: 25/25
 28143 | D:14     | Identified the +0 leather armour "Rywos" {Str+3 Int+4}
 28711 | D:14     | Found a white marble altar of Elyvilon.
 29637 | D:15     | Entered Level 15 of the Dungeon
 29895 | D:15     | Reached skill level 5 in Evocations
 29920 | D:15     | Found a runed translucent door.
 30580 | D:15     | Reached skill level 19 in Fighting
 30740 | D:15     | Found Gozag's Platinum Reserve.
 30831 | D:15     | Found a staircase to the Depths.
 31184 | D:15     | Found an opulent altar of Gozag.
 31241 | D:15     | Identified the +7 spear "Hellblazer" {antimagic, Int+4}
 31244 | D:15     | Noticed Higod's ghost (journeyman SpEn)
 31302 | D:15     | Killed Higod's ghost
 31401 | D:15     | Identified the +2 hat "Opaq" {rPois Str+3 Int-2}
 31648 | Swamp:1  | Entered Level 1 of the Swamp
 32489 | Swamp:1  | Identified Roxanne's Spellbook of the Quarry
 32489 | Swamp:1  | Noticed Roxanne
 32899 | Swamp:1  | Killed Roxanne
 33163 | Swamp:2  | Reached XP level 17. HP: 155/168 MP: 26/26
 34208 | Swamp:3  | Got the Secrets of Kinetic Filth
 34557 | Swamp:3  | Reached skill level 15 in Armour
 35088 | Swamp:4  | Entered Level 4 of the Swamp
 35537 | Swamp:4  | Reached skill level 15 in Invocations
 35551 | Swamp:4  | Reached skill level 20 in Fighting
 36496 | Swamp:3  | Upgraded the game from 0.30-a0-475-g03497ec522 to
                  | 0.30-a0-476-g330ca2eb8e
 36506 | Swamp:3  | Upgraded the game from 0.30-a0-476-g330ca2eb8e to
                  | 0.30-a0-509-gd016549fea
 37617 | Swamp:4  | Reached skill level 1 in Throwing
 37843 | Swamp:4  | Found a basalt altar of Yredelemnul.
 38037 | Swamp:4  | Found a blossoming altar of Fedhas.
 38057 | Swamp:4  | Got a decaying rune of Zot
 38235 | Lair:2   | Upgraded the game from 0.30-a0-509-gd016549fea to
                  | 0.30-a0-534-gdc55766716
 38235 | Lair:2   | Upgraded the game from 0.30-a0-534-gdc55766716 to
                  | 0.30-a0-540-g0af01429fa
 38235 | Lair:2   | Upgraded the game from 0.30-a0-540-g0af01429fa to
                  | 0.30-a0-553-g7fabdf1491
 38236 | Spider:1 | Entered Level 1 of the Spider Nest
 39202 | Spider:1 | Reached XP level 18. HP: 178/178 MP: 29/29
 39626 | Spider:1 | Identified the +7 mace "Naryfeh" {venom, rElec}
 39989 | Spider:2 | Noticed Aizul
 40006 | Spider:2 | Killed Aizul
 40498 | Spider:2 | Identified the ring of the Insatiable Cities {rPois rF+}
 40672 | Spider:2 | Identified the +0 scale mail of Lust {rElec rPois rC+}
 41697 | Spider:3 | Identified the +6 scale mail of the Volcano {rF+}
 42346 | Spider:3 | Reached skill level 21 in Fighting
 42786 | Spider:4 | Entered Level 4 of the Spider Nest
 44253 | Spider:4 | Reached XP level 19. HP: 146/190 MP: 0/30
 44662 | Spider:4 | Got a gossamer rune of Zot
 44994 | Vaults:1 | Entered Level 1 of the Vaults
 45588 | Vaults:1 | Reached skill level 5 in Throwing
 45609 | Vaults:1 | Reached skill level 22 in Fighting
 47095 | Vaults:2 | Found Tokikku's Distillery.
 47599 | Abyss:2  | Cast into level 2 of the Abyss (a wizard)
 47791 | Abyss:2  | Gained mutation: Your flesh is heat resistant. (rF+) [a
                  | neqoxec]
 47809 | Abyss:2  | Reached XP level 20. HP: 155/202 MP: 31/31
 47833 | Abyss:2  | Gained mutation: You are dopey. (Int -2) [a neqoxec]
 48085 | Vaults:2 | Escaped the Abyss
 48433 | Vaults:2 | Found a large runed translucent door.
 48433 | Vaults:2 | Found a large runed translucent door.
 48433 | Vaults:2 | Noticed Tuhajigi's ghost (adept TrFi)
 48455 | Vaults:2 | Identified the +2 glaive "Syifikk" {holy, rPois rF+ Int+4}
 48982 | Vaults:2 | Found the +10 tower shield of Ignorance {rN+ Int-4}
 49003 | Vaults:2 | Lost mutation: You are clumsy. (Dex -2) [potion of
                  | mutation]
 49003 | Vaults:2 | Lost mutation: You are dopey. (Int -2) [potion of mutation]
 49003 | Vaults:2 | Lost mutation: Your flesh is heat resistant. (rF+) [potion
                  | of mutation]
 49003 | Vaults:2 | Gained mutation: Your system is resistant to poisons.
                  | (rPois) [potion of mutation]
 49020 | Vaults:2 | Reached skill level 23 in Fighting
 49021 | Vaults:2 | Reached XP level 21. HP: 211/211 MP: 31/33
 49509 | Vaults:2 | Reached skill level 15 in Shields
 49531 | Vaults:2 | Found a staircase to the Crypt.
 49531 | Vaults:2 | Found a basalt altar of Yredelemnul.
 49532 | Vaults:2 | Found an ancient bone altar of Kikubaaqudgha.
 49534 | Vaults:2 | Reached skill level 1 in Ranged Weapons
 50066 | Vaults:2 | Reached skill level 5 in Ranged Weapons
 50143 | Vaults:2 | Killed Tuhajigi's ghost
 50583 | Vaults:3 | Found Fucha's Armour Shop.
 51507 | Vaults:3 | Reached skill level 10 in Ranged Weapons
 52087 | Vaults:4 | Reached XP level 22. HP: 97/220 MP: 30/34
 52400 | Vaults:4 | Found Xoruus's Assorted Antiques.
 52697 | Vaults:4 | Found Simneoffe's Book Shoppe.
 52887 | Vaults:4 | Found Ulunemi's Assorted Antiques.
 53130 | Vaults:4 | Found Bethug's Antique Armour Boutique.
 53136 | Vaults:4 | Bought a pair of crude gloves for 475 gold pieces
 53136 | Vaults:4 | Identified the +0 pair of gloves of Kups {Str+4 Dex+4} (You
                  | bought it in a shop on level 4 of the Vaults)
 53500 | Vaults:4 | Found Ydinyu Sopn's Weapon Boutique.
 53508 | Vaults:4 | Bought a +3 broad axe for 252 gold pieces
 54045 | Elf:1    | Entered Level 1 of the Elven Halls
 54047 | Elf:1    | Paralysed by an air elemental for 1 turns
 54442 | Elf:1    | Noticed Zenata
 54455 | Elf:1    | Killed Zenata
 55168 | Elf:1    | Reached skill level 15 in Ranged Weapons
 55872 | Elf:1    | Found a runed translucent gate.
 55872 | Elf:1    | Found a runed translucent gate.
 55872 | Elf:1    | Found a runed translucent gate.
 55872 | Elf:1    | Found a runed translucent gate.
 55872 | Elf:1    | Found a runed translucent gate.
 55873 | Elf:1    | Found a runed translucent gate.
 55879 | Elf:1    | Got Eringya's Secrets of Envenoming and Transfiguration
 55922 | Elf:1    | Upgraded the game from 0.30-a0-553-g7fabdf1491 to
                  | 0.30-a0-557-ge2afbf3030
 56343 | Elf:2    | Found Dyivudes's Weapon Shop.
 56351 | Elf:2    | Found Voesm's Antique Weapon Emporium.
 56353 | Elf:2    | Found Jaseynet's Magic Scroll Shop.
 56409 | Elf:2    | Bought a scroll of poison for 64 gold pieces
 56409 | Elf:2    | Bought a scroll of enchant armour for 120 gold pieces
 56409 | Elf:2    | Bought a scroll of enchant weapon for 120 gold pieces
 56409 | Elf:2    | Bought a scroll of enchant weapon for 120 gold pieces
 56409 | Elf:2    | Bought a scroll of teleportation for 48 gold pieces
 56654 | Elf:2    | Found a runed translucent gate.
 56654 | Elf:2    | Found a runed translucent gate.
 56707 | Elf:2    | Found a runed translucent gate.
 57455 | Elf:3    | Entered Level 3 of the Elven Halls
 57794 | Elf:3    | Identified the ring "Cyoraucu" {rF+ Str+3 Slay+3}
 57858 | Elf:3    | Reached XP level 23. HP: 135/219 MP: 35/35
 58557 | Elf:3    | Identified the +6 quarterstaff of Immorality {flame, rF+}
 58727 | Abyss:2  | Cast into level 2 of the Abyss (a ghostly deep elf
                  | sorcerer)
 58741 | Abyss:2  | Found a corrupted altar of Lugonu.
 58850 | Abyss:3  | Gained mutation: Your body sometimes deteriorates upon
                  | taking damage. [a cacodemon]
 58878 | Abyss:3  | Gained mutation: You are weak. (Str -2) [a neqoxec]
 58933 | Elf:3    | Escaped the Abyss
 58940 | Elf:3    | Identified the +11 dagger of the Spectre {flame, rPois rC+
                  | Int+2}
 58950 | Elf:3    | Identified the ring of Zoeggime {rElec rF- rC+ MP+9 Str+8
                  | Int-3}
 59657 | Depths:1 | Entered Level 1 of the Depths
 59899 | Depths:1 | Found a one-way gate to the infinite horrors of the Abyss.
 59900 | Depths:1 | Noticed Louise
 59907 | Depths:1 | Killed Louise
 60439 | Depths:1 | Found a shimmering blue altar of Sif Muna.
 60765 | Depths:1 | Found a gateway to Hell.
 60847 | Depths:1 | Found a hazy altar of Hepliaklqana.
 60975 | Depths:2 | Noticed a juggernaut
 61143 | Depths:2 | Got the Codex of Mortuary Terrain
 61245 | Depths:2 | Found a one-way gateway to a ziggurat.
 61365 | Depths:2 | Paralysed by a sphinx for 2 turns
 61411 | Depths:2 | Reached skill level 24 in Fighting
 61672 | Depths:2 | Found a one-way gate leading to the halls of Pandemonium.
 62054 | Depths:2 | Found Coly Foa's Jewellery Emporium.
 62055 | Depths:2 | Found Gesk's Book Shop.
 62055 | Depths:2 | Found Suguvuum's Book Shop.
 62063 | Depths:2 | Bought the ring "Bimaeshi" {rC+ Str+7 Dex+4} for 936 gold
                  | pieces
 62590 | Depths:3 | Reached skill level 10 in Dodging
 63246 | Depths:3 | Reached XP level 24. HP: 238/238 MP: 35/35
 63956 | Depths:4 | Entered Level 4 of the Depths
 64365 | Depths:4 | Noticed a juggernaut
 64844 | Depths:3 | Killed a juggernaut
 65519 | D:12     | You paid a toll of +3 gold dragon scales to enter a
                  | treasure trove
 65520 | Trove    | Entered a treasure trove
 65527 | Trove    | Identified the +3 kite shield of Fedhas's Benevolence
                  | {+Blink}
 65528 | Trove    | Identified the +0 pair of boots of Shadows and Fog {rElec
                  | Int+4 Slay+3}
 65530 | Trove    | Identified the +0 ring mail of Mysticism {rC+}
 65535 | Trove    | Identified the +15 plate armour of Parlour Games {-Tele
                  | rPois Int+4}
 65537 | Trove    | Identified the -2 hat "Mona" {rN+++ Str+3 Int-2 Dex-2}
 65538 | Trove    | Identified the +0 pair of gloves "Jaustaw" {rC+}
 65541 | Trove    | Identified the +2 pair of gloves "Lymm" {+Inv rN+ Dex+7}
 65543 | Trove    | Identified the +1 kite shield of Xopemp {Slay+2}
 65544 | Trove    | Identified the +7 tower shield of Sloth {Rampage rPois rF-
                  | Dex-3}
 66516 | Depths:4 | Reached skill level 25 in Fighting
 66789 | Depths:4 | Found a gate to the Realm of Zot.
 67939 | Slime:1  | Entered Level 1 of the Pits of Slime
 68680 | Slime:1  | Gained mutation: You expend magic power (3 MP) to
                  | strengthen your wands. [a shining eye]
 69238 | Slime:3  | Gained mutation: Armour fits poorly on your strangely
                  | shaped body. [a shining eye]
 69453 | Slime:5  | Entered Level 5 of the Pits of Slime
 69513 | Slime:5  | Reached XP level 25. HP: 250/250 MP: 36/36
 69593 | Slime:5  | Gained mutation: You are occasionally teleported next to
                  | monsters. [a shining eye]
 69615 | Slime:5  | Lost mutation: You are occasionally teleported next to
                  | monsters. [potion of mutation]
 69615 | Slime:5  | Lost mutation: Armour fits poorly on your strangely shaped
                  | body. [potion of mutation]
 69615 | Slime:5  | Gained mutation: You are clumsy. (Dex -2) [potion of
                  | mutation]
 69789 | Slime:5  | Noticed the Royal Jelly
 69801 | Slime:5  | Killed the Royal Jelly
 70607 | Slime:5  | Identified the +3 cloak of the Lusting Gods {rPois rC+
                  | Will+ MP-9}
 70632 | Slime:5  | Identified the +6 long sword of Qazlal's Inspiration {pain,
                  | Fly Int+2}
 70658 | Slime:5  | Got a slimy rune of Zot
 70711 | Slime:5  | Identified the amulet of Accord {Reflect Str+4 Int+2 SH+5}
 70746 | Slime:5  | Lost mutation: You are weak. (Str -2) [potion of mutation]
 70746 | Slime:5  | Lost mutation: Your body sometimes deteriorates upon taking
                  | damage. [potion of mutation]
 70746 | Slime:5  | Lost mutation: You expend magic power (3 MP) to strengthen
                  | your wands. [potion of mutation]
 70746 | Slime:5  | Gained mutation: You possess an exceptional clarity of
                  | mind. [potion of mutation]
 70746 | Slime:5  | Gained mutation: Your muscles are strong. (Str +4, Int/Dex
                  | -1) [potion of mutation]
 70746 | Slime:5  | Gained mutation: You are robust. (+10% HP) [potion of
                  | mutation]
 70790 | Slime:5  | Identified the +1 shadow dragon scales of the Leaf {Rampage
                  | rC+ Slay-3 Stlth++++}
 71306 | Crypt:1  | Entered Level 1 of the Crypt
 71872 | Crypt:1  | Reached skill level 26 in Fighting
 73034 | Zot:1    | Entered Level 1 of the Realm of Zot
 73675 | Zot:1    | Identified the +2 scimitar of Infection {flame, rPois rN+
                  | Dex+5}
 74539 | Zot:1    | Reached skill level 27 in Fighting
 75011 | Zot:2    | Noticed Parghit
 75025 | Zot:2    | Killed Parghit
 75129 | Zot:2    | Noticed an orb of fire
 75139 | Zot:2    | Gained mutation: Your magical capacity is low. (-10% MP)
                  | [an orb of fire]
 75144 | Zot:2    | Lost mutation: Your muscles are strong. (Str +4, Int/Dex
                  | -1) [an orb of fire]
 75146 | Zot:2    | Killed an orb of fire
 75631 | Zot:2    | Reached XP level 26. HP: 287/292 MP: 23/32
 76421 | Zot:3    | Identified the ring "Asaria" {rPois rC- Str+5 Dex+6}
 76926 | Zot:3    | Noticed an orb of fire
 76926 | Zot:3    | Found the +6 lightning scales {swift, rElec}
 76943 | Zot:3    | Found a transporter.
 76998 | Zot:3    | Killed an orb of fire
 76998 | Zot:3    | Gained mutation: You do not regenerate when monsters are
                  | visible. [mutagenic glow]
 77013 | Zot:3    | Gained mutation: Your body sometimes deteriorates upon
                  | taking damage. [mutagenic glow]
 77255 | Zot:4    | Found a transporter.
 77255 | Zot:4    | Found a transporter.
 77452 | Zot:4    | Noticed Cemmere's ghost (veteran TrCK)
 77455 | Zot:4    | Noticed a dread lich
 77662 | Zot:4    | Noticed xzight's ghost (veteran DEFE)
 77740 | Zot:4    | Noticed an orb of fire
 77749 | Zot:4    | Killed an orb of fire
 78116 | Zot:5    | Entered Level 5 of the Realm of Zot
 78120 | Zot:5    | Reached XP level 27. HP: 300/300 MP: 23/32
 78532 | Zot:5    | Identified the +3 ring mail of Gestures {-Cast rN++ rCorr}
 78749 | Zot:5    | Lost mutation: Your magical capacity is low. (-10% MP)
                  | [potion of mutation]
 78749 | Zot:5    | Lost mutation: You are clumsy. (Dex -2) [potion of
                  | mutation]
 78749 | Zot:5    | Lost mutation: You are robust. (+10% HP) [potion of
                  | mutation]
 78749 | Zot:5    | Gained mutation: You occasionally shout uncontrollably at
                  | your foes. [potion of mutation]
 78750 | Zot:5    | Lost mutation: You do not regenerate when monsters are
                  | visible. [potion of mutation]
 78750 | Zot:5    | Lost mutation: You occasionally shout uncontrollably at
                  | your foes. [potion of mutation]
 78750 | Zot:5    | Lost mutation: Your system is resistant to poisons. (rPois)
                  | [potion of mutation]
 78750 | Zot:5    | Gained mutation: You have a pair of large horns on your
                  | head. [potion of mutation]
 78750 | Zot:5    | Gained mutation: You are weak. (Str -2) [potion of
                  | mutation]
 78750 | Zot:5    | Gained mutation: You are somewhat resistant to further
                  | mutation. [potion of mutation]
 78751 | Zot:5    | Lost mutation: You have a pair of large horns on your head.
                  | [potion of mutation]
 78751 | Zot:5    | Lost mutation: You are somewhat resistant to further
                  | mutation. [potion of mutation]
 78751 | Zot:5    | Lost mutation: Your body sometimes deteriorates upon taking
                  | damage. [potion of mutation]
 78751 | Zot:5    | Gained mutation: You have a pair of large horns on your
                  | head. [potion of mutation]
 78751 | Zot:5    | Gained mutation: You are frail. (-10% HP) [potion of
                  | mutation]
 78751 | Zot:5    | Gained mutation: Your body sometimes deteriorates upon
                  | taking damage. [potion of mutation]
 78752 | Zot:5    | Lost mutation: You possess an exceptional clarity of mind.
                  | [potion of mutation]
 78752 | Zot:5    | Lost mutation: Your body sometimes deteriorates upon taking
                  | damage. [potion of mutation]
 78752 | Zot:5    | Gained mutation: Your spells are a little harder to cast,
                  | but a little more powerful. [potion of mutation]
 78752 | Zot:5    | Gained mutation: You have large cloven feet. [potion of
                  | mutation]
 78752 | Zot:5    | Gained mutation: You are partially covered in iridescent
                  | scales. (AC +2) [potion of mutation]
 78841 | Zot:5    | Noticed a dread lich
 78850 | Zot:5    | Noticed an orb of fire
 78853 | Zot:5    | Killed a dread lich
 78854 | Zot:5    | Noticed a dread lich
 78854 | Zot:5    | Noticed an orb of fire
 78859 | Zot:5    | Killed an orb of fire
 78861 | Zot:5    | Killed a dread lich
 78862 | Zot:5    | Reached skill level 10 in Evocations
 78867 | Zot:5    | Gained mutation: Your body sometimes deteriorates upon
                  | taking damage. [an orb of fire]
 78868 | Zot:5    | Gained mutation: You are occasionally teleported next to
                  | monsters. [an orb of fire]
 78869 | Zot:5    | Killed an orb of fire
 79323 | Zot:5    | Noticed an orb of fire
 79323 | Zot:5    | Noticed an orb of fire
 79325 | Zot:5    | Noticed an ancient lich
 79325 | Zot:5    | Noticed an orb of fire
 79326 | Zot:5    | Gained mutation: Your body often deteriorates upon taking
                  | damage. [an orb of fire]
 79327 | Zot:5    | Gained mutation: You are very frail. (-20% HP) [an orb of
                  | fire]
 79330 | Zot:5    | Killed an orb of fire
 79330 | Zot:5    | Gained mutation: You sometimes lose your temper in combat.
                  | [an orb of fire]
 79333 | Zot:5    | Killed an orb of fire
 79335 | Zot:5    | Killed an orb of fire
 79335 | Zot:5    | Killed an ancient lich
 79751 | Zot:5    | Lost mutation: You are very frail. (-20% HP) [potion of
                  | mutation]
 79751 | Zot:5    | Lost mutation: You have large cloven feet. [potion of
                  | mutation]
 79751 | Zot:5    | Lost mutation: Your body often deteriorates upon taking
                  | damage. [potion of mutation]
 79751 | Zot:5    | Gained mutation: Your body often deteriorates upon taking
                  | damage. [potion of mutation]
 79751 | Zot:5    | Gained mutation: You are partially covered in large bone
                  | plates. (SH +4) [potion of mutation]
 79752 | Zot:5    | Lost mutation: You are partially covered in iridescent
                  | scales. (AC +2) [potion of mutation]
 79752 | Zot:5    | Lost mutation: You are partially covered in large bone
                  | plates. (SH +4) [potion of mutation]
 79752 | Zot:5    | Lost mutation: Your spells are a little harder to cast, but
                  | a little more powerful. [potion of mutation]
 79752 | Zot:5    | Lost mutation: You are weak. (Str -2) [potion of mutation]
 79752 | Zot:5    | Gained mutation: You occasionally lose the ability to drink
                  | potions when taking damage. [potion of mutation]
 79752 | Zot:5    | Lost mutation: You are frail. (-10% HP) [potion of
                  | mutation]
 79753 | Zot:5    | Lost mutation: You sometimes lose your temper in combat.
                  | [potion of mutation]
 79753 | Zot:5    | Lost mutation: You have a pair of large horns on your head.
                  | [potion of mutation]
 79753 | Zot:5    | Lost mutation: You are occasionally teleported next to
                  | monsters. [potion of mutation]
 79753 | Zot:5    | Gained mutation: You are partially covered in iridescent
                  | scales. (AC +2) [potion of mutation]
 79753 | Zot:5    | Gained mutation: Your flesh is heat resistant. (rF+)
                  | [potion of mutation]
 79837 | Zot:5    | Upgraded the game from 0.30-a0-557-ge2afbf3030 to
                  | 0.30-a0-568-g124715a40b
 79845 | Zot:5    | Got the Orb of Zot
 79862 | Zot:5    | Paralysed by a Zot trap for 2 turns
 79892 | Zot:4    | Noticed Xuladw Symo the pandemonium lord
 79918 | Zot:3    | Noticed Xiycvice the pandemonium lord
 80153 | D:13     | Noticed Mafinwyx the pandemonium lord
 80395 | D:$      | Escaped with the Orb!

Illustrated notes

Levels and vault maps discovered:
D:1:      amcnicky_arrival_wind_blow, layout_loops_ring, st_stairs_12,
          minmay_misc_feat_cross, minivault_11, minivault_4
D:2:      layout_loops_ring
D:3:      layout_basic, zin_treasury, basic_ecumenical_altar, uniq_robin,
          uniq_crazy_yiuf_cottage
D:4:      layout_rooms, okawaru_trees_2, marbit_many_paths
D:5:      layout_gridville
D:6:      layout_loops_ring, minmay_temple_entry_junction_2,
          gup_sewer_entry_bubbles, uniq_sigmund
D:7:      layout_basic, mainiacjoe_overflow_small_starburst,
          mainiacjoe_overflow_brackets, hangedman_feature_mirror
D:8:      layout_gridville, david_lair_shrubbed
D:9:      layout_big_octagon, grunt_temple_overflow_open, serial_park,
          serial_park_square1 [serial_park_minivault_5x5_8], serial_park_tiny_1,
          serial_park_tiny_1, serial_park_square1 [serial_park_minivault_5x5_5],
          serial_park_square3 [serial_park_minivault_5x5_2], minmay_radiant,
          uniq_maggie
D:10:     gammafunk_boulding_lane, layout_long_grid, david_orc_3
D:11:     layout_roguey, serial_ice, serial_ice_i, serial_ice_b, serial_ice_o,
          serial_ice_c, serial_ice_a, hangedman_parallel_progression,
          uniq_erolcha
D:12:     kennysheep_ambush_hall, layout_rooms, hellmonk_ghost_happy_afterlife,
          enter_trove_6
D:13:     layout_basic, hangedman_vaults_entry_quadrant_bands,
          gauntlet_entry_generic, uniq_maurice
D:14:     evilmike_negative_zone, layout_gridville, elyvilon_altar_5
D:15:     grunt_enter_depths_snipers, layout_cave_pools,
          ebering_ghost_funeral_grove, nicolae_gozag_zags_fifth_avenue
Temple:   dpeg_chambers_temple
Lair:1:   layout_long_grid, st_stairs_13, nzn_masters_of_martial_movement
Lair:2:   layout_hall_layers, skrybe_swamp_entry_bodies,
          spider_nest_entry_funnel_web, hangedman_lair_generics_rect,
          serial_bayou_shore_a
Lair:3:   layout_cave_pods
Lair:4:   slaughterhouse, layout_regular_city, serial_bayou_shore_b,
          grunt_megastairs_4
Lair:5:   hangedman_lair_tendril_chambers, layout_gridlike,
          hangedman_lair_caniforms_friends, minmay_slime_entry_jelly_boxes,
          minmay_stone_trees_medium, st_stairs_11
Swamp:1:  layout_basic_swamp, evilmike_swamp_ruin_house_2, swamp_pool3,
          nicolae_swamp_bloodsuckers_inc, uniq_roxanne
Swamp:2:  layout_basic_swamp, evilmike_swamp_ruin_house_6
Swamp:3:  layout_falls_marsh, nicolae_swamp_big_swirl
Swamp:4:  byrel_swamp_growth_death_and_undeath, layout_basic_swamp, swamp_pool1
Spider:1: layout_cave_pods
Spider:2: layout_chambers, nicolae_spider_shape, uniq_aizul
Spider:3: layout_chambers, hangedman_spider_tarantella_strand
Spider:4: guppyfry_spider_rune
Slime:1:  cheibrodos_slime_lost_civilization_1, layout_caves
Slime:2:  layout_caves
Slime:3:  layout_caves, nicolae_slime_round_cave
Slime:4:  layout_caves
Slime:5
Orc:1:    hellmonk_paralyzer, layout_caves, mines2_david, uniq_urug
Orc:2:    grunt_orc_cross, layout_caves, basic_altar, serial_shops, shop,
          nicolae_square_shop, shop, uniq_nessos, uniq_saint_roka
Elf:1:    eino_elf_arrival_the_gate, layout_onion_city, orc_legates,
          uniq_louise, uniq_zenata
Elf:2:    elven_hall_of_blades_hangedman_original
          [nicolae_blade_entry_diamond_columns], layout_loops_corners,
          nicolae_wooded_promenade
Elf:3:    grunt_elf_hall_branching, layout_rooms
Vaults:1: nicolae_vaults_puzzle_piece, st_eye, nicolae_vaults_network_s,
          v_misc_1, nicolae_vaults_little_squares_2, v_misc_15,
          nicolae_vaults_circle_grid_a, ontoclasm_vaults_eye,
          nicolae_vaults_three_branches, vaults_room_hallway, v_misc_28,
          v_misc_25, vaults_dpeg_emergency_exit, layout_vaults_omnicross
Vaults:2: advil_vaults_ghost_guards, st_hourglassy,
          minmay_crypt_entry_necro_gods, vaults_mumra_lcd,
          vaults_dpeg_encased_lava, nicolae_vaults_circle_grid_b,
          nicolae_vaults_stairing_the_circle, v_alt_pattern_5,
          nicolae_vaults_network_barrier, vaults_standard_mumra_lines,
          v_pattern_3, vaults_room_door_hall, hangedman_vaults_impose,
          layout_vaults_omnibox, serial_shops, nicolae_shop_waterfront
Vaults:3: vaults_dpeg_hooks, v_misc_5, vaults_dpeg_cross, v_misc_23,
          hangedman_vaults_slice, grunt_vaults_hallway_long,
          nicolae_vaults_network_periphery, vaults_room_pools, serial_ice_h,
          dpeg_vaults_monster_box, layout_vaults_omnigrid, uniq_margery
Vaults:4: vaults_room_ringed_pool, v_alt_pattern_6,
          nicolae_vaults_little_squares_1, nicolae_vaults_hallways_thing,
          ontoclasm_vaults_twist, v_alt_pattern_2, hangedman_vaults_stagger,
          vaults_room_corners, nicolae_vaults_little_squares_6,
          ontoclasm_vaults_shuriken, nicolae_vaults_alarming, v_rooms_6,
          vaults_room_pools, layout_vaults_big_room, serial_shops,
          nicolae_shop_hallway_stairs, shop, nicolae_shop_stone,
          nicolae_shop_waterfront, nicolae_shop_behind_doors
Crypt:1:  layout_regular_city, serial_glass, glass_columns_b, glass_columns_a,
          grunt_crypt_arrival_split, grunt_megastairs_3
Depths:1: layout_basic, nicolae_abyss_entry_one_way_or_another,
          nicolae_hepliaklqana_hippocampus, grunt_hell_entry_dis_old,
          chequers_serial_rivers_large_b, minmay_misc_feat_secret_circle,
          minmay_misc_feat_more_columns, corexii_hall_statues_x,
          nicolae_sif_muna_condensation
Depths:2: minmay_curly_fans, layout_basic, enter_ziggurat_e, lightli_too_deep,
          serial_sigils_hangedman_carve, rand_demon_pan_entry_8,
          grunt_ministairs_7, infiniplex_staircase_pool_lava, minmay_shop_grove
Depths:3: kennysheep_water_balloons, layout_honeycomb, hell_entry,
          abyss_entry_crystal, nrook_mini_backslash, kennysheep_cluttered_room,
          infiniplex_staircase_door_maze
Depths:4: lemuel_castle_with_subvaults [lemuel_castle_interior_carwin_2],
          layout_basic, abyss_entry, grunt_decor_resistance, hell_entry,
          hangedman_decor_cross_pass
Zot:1:    layout_gridville, grunt_megastairs_2
Zot:2:    layout_gridlike, grunt_ministairs_1, uniq_parghit
Zot:3:    gammafunk_the_bubble [the_bubble_gammafunk_crates], layout_gridlike,
          hangedman_zot_decor_tridents, grunt_ministairs_3,
          hangedman_spider_trapstep
Zot:4:    layout_cellular_growth, nzn_ghost_randoct
Zot:5:    layout_basic

Skill      XL: |  1  2  3  4  5  6  7  8  9 10 11 12 13 14 15 16 17 18 19 20 21 22 23 24 25 26 27 |
---------------+----------------------------------------------------------------------------------+-----
Shields        | 4 5 7 8 10 12 13 14 15 16 17 20 22 23 | 23.9
Fighting       | 4 5 6 7 10 11 12 15 16 17 18 19 20 21 22 23 24 25 27 | 27.0
Axes           | 3 4 5 7 10 11 12 14 16 18 19 20 21 | 21.0
Armour         | 4 5 7 8 10 11 12 14 16 18 19 20 23 25 26 | 26.0
Invocations    | 1 4 5 8 9 12 13 14 16 17 18 19 20 | 20.0
Dodging        | 4 5 6 8 9 10 11 12 | 12.0
Evocations     | 2 3 7 8 9 11 | 11.8
Throwing       | 2 4 6 |  6.0
Ranged Weapons | 11 17 18 | 18.0

Action                   |  1- 3 |  4- 6 |  7- 9 | 10-12 | 13-15 | 16-18 | 19-21 | 22-24 | 25-27 || total
-------------------------+-------+-------+-------+-------+-------+-------+-------+-------+-------++-------
Melee: War axe           |    78 |    37 |       |   406 |   951 |       |       |       |       ||  1472
       Headbutt          |     9 |    18 |    46 |   128 |   332 |   430 |   297 |   237 |   181 ||  1678
       Spear             |       |    93 |   331 |    81 |       |    49 |       |       |       ||   554
       Flail             |       |       |       |     6 |     2 |       |       |       |       ||     8
       Broad axe         |       |       |       |       |   256 |  1488 |   833 |   894 |   622 ||  4093
       Trident           |       |       |       |       |       |    18 |       |       |       ||    18
       Unarmed           |       |       |       |       |       |       |    13 |       |       ||    13
 Fire: Sling             |       |    16 |    17 |    13 |       |       |       |       |       ||    46
       Hand crossbow     |       |       |       |       |       |       |    11 |   602 |   280 ||   893
Throw: Stone             |       |     1 |       |    15 |   109 |       |       |       |       ||   125
       Dart              |       |       |     4 |     7 |     3 |     7 |       |       |       ||    21
       Boomerang         |       |       |       |     6 |       |   124 |     5 |       |       ||   135
Invok: Stomp             |       |       |       |     2 |    10 |       |    15 |     3 |       ||    30
       Line Pass         |       |       |       |       |       |       |       |     1 |       ||     1
Evoke: Wand              |       |       |       |    14 |     6 |       |       |       |       ||    20
       Phantom mirror    |       |       |       |       |       |       |       |       |     1 ||     1
  Use: Scroll            |       |       |    18 |     7 |     6 |     5 |     1 |    14 |    14 ||    65
       Potion            |       |       |     2 |     1 |     3 |     1 |     3 |     1 |    13 ||    24
 Stab: Paralysed         |       |     2 |     7 |    52 |   161 |   236 |   164 |   131 |    99 ||   852
       Confused          |       |       |       |       |       |     1 |       |       |       ||     1
Armor: Scale mail        |    30 |       |       |       |       |       |       |       |       ||    30
       Leather armour    |     2 |       |       |       |       |       |       |       |       ||     2
       Chain mail        |       |    81 |   123 |   199 |   178 |       |       |       |       ||   581
       Plate armour      |       |       |       |       |   381 |   760 |   263 |   335 |    50 ||  1789
       Gold dragon scale |       |       |       |       |       |       |       |       |   169 ||   169
Dodge: Dodged            |    37 |    41 |    55 |   118 |   275 |   587 |   228 |   248 |   151 ||  1740
Block: Buckler           |    20 |    26 |    45 |   161 |   549 |   775 |   256 |       |       ||  1832
       Reflection        |       |       |       |     1 |    27 |    35 |    81 |   107 |    23 ||   274
       Tower shield      |       |       |       |       |       |       |   368 |  1252 |   732 ||  2352
       Other             |       |       |       |       |       |       |     2 |       |       ||     2

Table legend: (Time is in decaauts)
 A = Elapsed time spent in this place.
 B = Non-inter-level travel time spent in this place.
 C = Inter-level travel time spent in this place.
 D = Time resting spent in this place.
 E = Time spent auto-exploring this place.
 F = Levels seen in this place.
 G = Mean time per level.
                   A        B        C        D        E       F      G
               +--------+--------+--------+--------+--------+-----+--------+
         Total |  80431 |  75272 |   5159 |  14647 |  39976 |  59 | 1363.2 |
       Dungeon |  19144 |  17160 |   1984 |   2273 |  11585 |  15 | 1276.3 |
        Temple |    266 |    266 |      0 |      0 |    254 |   1 |  266.0 |
          Lair |   9622 |   9093 |    529 |   1705 |   5627 |   5 | 1924.4 |
         Swamp |   6565 |   6302 |    263 |   2253 |   2741 |   4 | 1641.2 |
   Spider Nest |   6469 |   6315 |    154 |    763 |   4120 |   4 | 1617.2 |
    Slime Pits |   3108 |   2921 |    187 |    761 |   1394 |   5 |  621.6 |
  Orcish Mines |   2516 |   2418 |     98 |    929 |    919 |   2 | 1258.0 |
   Elven Halls |   5349 |   5145 |    204 |    807 |   1187 |   3 | 1783.0 |
        Vaults |   8301 |   7255 |   1046 |   1049 |   4374 |   4 | 2075.2 |
         Crypt |   1444 |   1420 |     24 |    366 |    376 |   1 | 1444.0 |
        Depths |   8371 |   7848 |    523 |   2308 |   3690 |   4 | 2092.8 |
           Zot |   6713 |   6569 |    144 |   1151 |   2622 |   5 | 1342.6 |
         Abyss |    668 |    668 |      0 |    281 |     43 |   3 |  222.7 |
         Trove |     51 |     51 |      0 |      0 |      4 |   1 |   51.0 |
         Sewer |    966 |    966 |      0 |      0 |    633 |   1 |  966.0 |
      Gauntlet |    870 |    870 |      0 |      0 |    405 |   1 |  870.0 |
               +--------+--------+--------+--------+--------+-----+--------+

Top non-repeatable levels by time:
Depths:3: 3067 daAuts
 Swamp:3: 2802 daAuts
  Lair:5: 2621 daAuts
    D:14: 2514 daAuts
Vaults:1: 2428 daAuts
Depths:4: 2363 daAuts
Vaults:2: 2295 daAuts
  Lair:4: 2110 daAuts
  Lair:2: 2093 daAuts
Vaults:3: 2077 daAuts
Spider:3: 2033 daAuts
    D:13: 1951 daAuts
   Elf:1: 1943 daAuts
   Zot:5: 1769 daAuts
   Elf:2: 1749 daAuts
